 Dungeon Crawl Stone Soup version 0.17-a0-157-g289cc6a (webtiles) character file.

44 PolkaDot the Vexing (level 3, 0/24 HPs)
             Began as a Vampire Enchanter on Mar 27, 2015.
             Slain by a gnoll
             ... wielding a +0 spear
              (4 damage)
             ... on level 2 of the Dungeon.
             The game lasted 00:06:31 (1686 turns).

PolkaDot the Vexing (Vampire Enchanter)             Turns: 1686, Time: 00:06:31

Health: 0/24       AC:  3    Str:  7    XL:     3   Next: 41%
Magic:  6/6        EV: 12    Int: 18    God:
Gold:   19         SH:  0    Dex: 14    Spells: 3 memorised, 0 levels left

rFire  . . .     SeeInvis +     m - +1 dagger (venom)
rCold  + . .     Clarity  .     b - +1 robe
rNeg   + + .     SustAb   .     (no shield)
rPois  +         Gourm    .     (no helmet)
rElec  .         Spirit   .     (no cloak)
rCorr  .         Warding  .     (no gloves)
rMut   .         Stasis   .     (no boots)
MR     .....                    (no amulet)
Stlth  +++.......               (no ring)
                                (no ring)

@: regenerating slowly, not resistant to hostile enchantments, fairly stealthy
A: bottle blood, fangs 3, see invisible, deterioration 1, unbreathing, evolution
1
a: Bat Form


You were on level 2 of the Dungeon.
You were thirsty.

You visited 1 branch of the dungeon, and saw 2 of its levels.

You collected 19 gold pieces.

Inventory:

Hand weapons
 m - a +1 dagger of venom (weapon)
Armour
 b - a +1 robe (worn)
Scrolls
 e - a scroll of enchant weapon {unknown}
 g - a scroll of random uselessness {unknown}
 h - 3 scrolls of teleportation {unknown}
 i - 2 scrolls of identify {unknown}
 j - a scroll of remove curse {unknown}
 k - a scroll of amnesia {unknown}
 l - a scroll of noise {unknown}
Books
 c - a book of Maledictions

   Spells                             Type                      Level
   a - Corona                         Hexes                        1
   b - Ensorcelled Hibernation        Hexes/Ice                    2
   c - Confuse                        Hexes                        3
   d - Dazzling Spray                 Conjuration/Hexes            3
   e - Enslavement                    Hexes                        4


   Skills:
 + Level 2.1 Short Blades
 - Level 2.1 Dodging
 + Level 4.7 Stealth
 - Level 2.0 Spellcasting
 * Level 5.3 Hexes
 - Level 1.2 Ice Magic


You couldn't memorise any spells.
You knew the following spells:

 Your Spells              Type           Power        Failure   Level  Hunger
a - Corona                Hex            ###....      1%          1    #......
c - Confuse               Hex            ###.....     10%         3    ###....
d - Ensorcelled Hibernat  Hex/Ice        ##....       10%         2    ###....


Dungeon Overview and Level Annotations

Branches:
Dungeon (2/15)

Altars:


Innate Abilities, Weirdness & Mutations

You heal slowly.
You can bottle blood from corpses.
You have razor-sharp teeth.
You have supernaturally acute eyesight.
You can survive without breathing.
Your body is slowly deteriorating.
You evolve.


Message History

The gnoll shouts!
A gnoll comes into view. It is wielding a whip.
The gnoll hits you from afar with a spear.
* * * LOW HITPOINT WARNING * * *
The gnoll shouts!
The goblin hits you but does no damage.
Drink which item? (? for menu, Esc to quit)
Yummy - fresh blood!
The goblin closely misses you. The gnoll hits you but does no damage.
You hit the goblin.
The goblin is poisoned.
The goblin is heavily wounded.
The goblin hits you.
* * * LOW HITPOINT WARNING * * *
You hit the goblin.
You kill the goblin!
The gnoll hits you from afar with a spear.
* * * LOW HITPOINT WARNING * * *
You aren't carrying any potions.
The gnoll hits you from afar with a spear.
You die...

### #####################<#
..........g..gg.@...#.#
###################.#.# #.#)#
#.#.# #########.#.#
######......##.#.###########
.........)..................#
.....................>...##.#
..........#####.#...#..#.##.#


You could see 3 gnolls.

Vanquished Creatures
  2 worms (D:2)
  An ooze (D:1)
  4 bats (D:1)
  A giant cockroach (D:2)
  7 goblins
  3 hobgoblins (D:1)
  3 kobolds (D:1)
  4 giant newts (D:1)
  6 rats (D:1)
31 creatures vanquished.

Notes
Turn   | Place    | Note
--------------------------------------------------------------
     0 | D:1      | PolkaDot, the Vampire Enchanter, began the quest for the Orb.
     0 | D:1      | Reached XP level 1. HP: 13/13 MP: 3/3
   411 | D:1      | Reached XP level 2. HP: 19/19 MP: 2/4
   435 | D:1      | Learned a level 2 spell: Ensorcelled Hibernation
   722 | D:1      | Reached skill level 5 in Hexes
  1359 | D:2      | Reached XP level 3. HP: 17/24 MP: 6/6
  1489 | D:2      | Learned a level 3 spell: Confuse
  1539 | D:2      | Gained mutation: Your body is slowly deteriorating. [potion of mutation]
  1539 | D:2      | Gained mutation: You evolve. [potion of mutation]
  1544 | D:2      | Reached skill level 1 in Ice Magic
  1645 | D:2      | HP: 1/24 [gnoll/spear (4)]
  1686 | D:2      | Slain by a gnoll

Action                   || total
-------------------------++-------
Melee: Dagger            ||    55
 Cast: Corona            ||     3
       Ensorcelled Hiber ||     9
       Confuse           ||     3
  Use: Potion            ||     2
 Stab: Sleeping          ||    20
       Distracted        ||     1
